[Event "Titled Tuesday Blitz February 01 B 2022"]
[White "Abdrlauf, Elham"]
[Black "Goltseva, Ekaterina"]
[WhiteFideId "1533533"]
[BlackFideId "24173770"]
[WhiteElo "2334"]
[BlackElo "2140"]
[Result "1-0"]
[Round "01"]
[TimeControl "180+1"]
[Date "2022.02.01"]
[WhiteClock "0:02:19"]
[BlackClock "0:02:17"]

1. e4 e5 2. Nc3 Nf6 3. d4 exd4 4. Qxd4 Nc6 5. Qd3 Bb4 6. Ne2 O-O 7. Bg5 h6 8. Bh4 d6 9. f4 Re8 10. O-O-O Be6 11. a3 Ba5 12. Nd5 Bxd5 13. exd5 Nb8 14. Bxf6 Qxf6 15. Qb5 Nd7 16. Qxa5 Nc5 17. Qc3 Qf5 18. Qf3 Ne4 19. Ng3 Nxg3 20. hxg3 c6 21. Bd3 Qxd5 22. Bh7+ Kxh7 23. Rxd5 cxd5 24. Qxd5 Re6 25. Qxb7 Rae8 26. Qxf7 R6e7 27. Qf5+ g6 28. Qd5 Re5 29. Qf7+ 1-0


[Site "https://www.chess.com"]

[Event "Titled Tuesday Blitz February 01 B 2022"]
[White "Babazada, Khazar"]
[Black "Atanasov, Anthony"]
[WhiteFideId "13413554"]
[BlackFideId "2623897"]
[WhiteElo "2418"]
[BlackElo "1928"]
[Result "1/2-1/2"]
[Round "01"]
[TimeControl "180+1"]
[Date "2022.02.01"]
[WhiteClock "0:00:08"]
[BlackClock "0:00:06"]

1. e4 c5 2. Nf3 d6 3. d4 cxd4 4. Nxd4 Nf6 5. Nc3 a6 6. h3 e6 7. g4 Be7 8. Bg2 O-O 9. O-O Qc7 10. g5 Nfd7 11. h4 Nc6 12. h5 Nxd4 13. Qxd4 Qc5 14. Qd2 b5 15. e5 d5 16. Re1 Bb7 17. Nd1 Rac8 18. c3 b4 19. cxb4 Qxb4 20. Qxb4 Bxb4 21. Nc3 Rxc3 22. bxc3 Bxc3 23. Ba3 Rc8 24. Rab1 Bxe1 25. Rxb7 Nxe5 26. f4 Nc4 27. Bc1 Bd2 28. Bxd2 Nxd2 29. f5 h6 30. fxe6 fxe6 31. Bh3 Nf3+ 32. Kf2 Nxg5 33. Bg4 Rc2+ 34. Ke3 Rxa2 35. Bd1 e5 36. Bb3 Ra3 37. Ke2 Ra5 38. Rd7 Ne4 39. Re7 Nf6 40. Rxe5 Rb5 41. Bc2 Rb8 42. Bg6 Kf8 43. Kd3 Rb7 44. Re6 Rd7 45. Rxa6 Ke7 46. Kd4 Rd6 47. Ra1 Rd7 48. Bf5 Rc7 49. Bg6 Kd6 50. Ra6+ Rc6 51. Ra7 Rc4+ 52. Kd3 Rh4 53. Ke3 Nxh5 54. Bxh5 Rxh5 55. Rxg7 Rh3+ 56. Kf4 Kc5 57. Rc7+ Kd4 58. Rc1 Rh2 59. Rd1+ Kc5 60. Kg3 Re2 61. Kf3 Re7 62. Rc1+ Kd4 63. Rd1+ Kc4 64. Rc1+ Kd4 65. Rd1+ Kc5 66. Rc1+ Kd6 67. Rh1 Re6 68. Rd1 Kc5 69. Rc1+ Kd4 70. Rd1+ Kc4 71. Rc1+ Kb5 72. Rb1+ Kc5 73. Rc1+ Kd6 74. Rd1 Re4 75. Rh1 Kc5 76. Rxh6 Kd4 77. Rh1 Ke5 78. Rd1 d4 79. Ra1 Re3+ 80. Kf2 Ke4 81. Ra4 Kd5 82. Ra8 Re6 83. Ra4 Re5 84. Ra5+ Ke4 85. Rxe5+ Kxe5 86. Ke2 Ke4 87. Kd2 d3 88. Kd1 Ke3 89. Ke1 d2+ 90. Kd1 Kd3 1/2-1/2


[Site "https://www.chess.com"]

[Event "Titled Tuesday Blitz February 01 B 2022"]
[White "Bodnar, Nikolay"]
[Black "Sadhwani, Raunak"]
[WhiteFideId "14106469"]
[BlackFideId "35093487"]
[WhiteElo "2296"]
[BlackElo "2616"]
[Result "0-1"]
[Round "01"]
[TimeControl "180+1"]
[Date "2022.02.01"]
[WhiteClock "0:00:13"]
[BlackClock "0:00:17"]

1. e4 e5 2. Nf3 Nc6 3. Bc4 d6 4. O-O Be7 5. d4 exd4 6. Nxd4 Nf6 7. Nc3 O-O 8. Re1 Re8 9. Nxc6 bxc6 10. Bf4 Nd7 11. Qh5 Rf8 12. Rad1 g6 13. Qa5 Re8 14. e5 Nb6 15. Bb3 d5 16. Ne4 Bf5 17. Nf6+ Bxf6 18. exf6 Qxf6 19. Bxc7 Qxb2 20. Qc5 Qf6 21. a4 h5 22. a5 Nd7 23. Rxe8+ Rxe8 24. Qxa7 Qc3 25. h3 Bxc2 26. Bxc2 Qxc2 27. Qd4 Re4 28. Qa1 Ra4 29. Qc1 Qxc1 30. Rxc1 c5 31. Re1 c4 32. Re7 c3 33. Re8+ Kh7 34. Rc8 Rc4 35. a6 c2 36. a7 c1=Q+ 37. Kh2 Rxc7 38. a8=Q Rxc8 39. Qxd5 Qf4+ 0-1


[Site "https://www.chess.com"]

[Event "Titled Tuesday Blitz February 01 B 2022"]
[White "Boros, Denes"]
[Black "Bambino Filho, Antonio Carlos"]
[WhiteFideId "722340"]
[BlackFideId "2113163"]
[WhiteElo "2464"]
[BlackElo "2471"]
[Result "1-0"]
[Round "01"]
[TimeControl "180+1"]
[Date "2022.02.01"]
[WhiteClock "0:00:16"]
[BlackClock "0:00:07"]

1. d4 Nf6 2. Nc3 g6 3. e4 d6 4. h4 h5 5. Bg5 Bg7 6. Qd2 c6 7. a4 Qa5 8. Bd3 Nbd7 9. Nge2 e5 10. O-O exd4 11. Nxd4 Qb6 12. Nb3 O-O 13. a5 Qc7 14. Bh6 Ne5 15. Rad1 Qe7 16. Bxg7 Kxg7 17. Qg5 Qe6 18. Nd4 Qg4 19. Rfe1 Qxg5 20. hxg5 Nfd7 21. Be2 Nc5 22. Nb3 Nxb3 23. cxb3 Be6 24. b4 Rfd8 25. f4 Ng4 26. Rd2 Kf8 27. Rf1 Ne3 28. Rf3 Nc4 29. Rc2 d5 30. f5 gxf5 31. exf5 Bc8 32. Bxc4 dxc4 33. Re2 Re8 34. Rd2 b6 35. Rd6 bxa5 36. bxa5 Rb8 37. Rf2 Re5 38. Rh6 Kg8 39. g4 hxg4 40. f6 Rxg5 41. Rfh2 Kf8 42. Rh8+ Rg8 43. Ne4 Bf5 44. Nd6 Bg6 45. Nxc4 g3 46. Rxg8+ Kxg8 47. Rd2 Rb4 48. Ne5 c5 49. a6 Ra4 50. Rd6 Be4 51. Rd8+ Kh7 52. Rd1 Rxa6 53. Re1 Bd5 54. Nd3 Rxf6 55. Re5 Ba8 56. Rh5+ Kg6 57. Rxc5 Rf3 58. Ne5+ Kf5 59. Nxf3+ Ke4 60. Ng5+ Kd4 61. Ra5 f5 62. Rxa7 Bd5 63. Rd7 f4 64. Ne6+ Ke5 65. Nxf4 Be4 66. Rf7 Kd4 67. Rf8 Kc4 68. b4 Kxb4 69. Ne2 Bd3 70. Nxg3 Kc4 71. Kf2 Kc3 72. Ke3 Bc4 73. Rc8 1-0


[Site "https://www.chess.com"]

[Event "Titled Tuesday Blitz February 01 B 2022"]
[White "Bortnyk, Olexandr"]
[Black "Gracia Alvarez, Gerardo Antonio"]
[WhiteFideId "14120828"]
[BlackFideId "5109124"]
[WhiteElo "2723"]
[BlackElo "2139"]
[Result "1-0"]
[Round "01"]
[TimeControl "180+1"]
[Date "2022.02.01"]
[WhiteClock "0:01:59"]
[BlackClock "0:00:43"]

1. e4 c5 2. c3 Nf6 3. e5 Nd5 4. d4 cxd4 5. Nf3 Nc6 6. cxd4 d6 7. Bc4 dxe5 8. dxe5 Be6 9. O-O g6 10. Ng5 Bg7 11. Nxe6 fxe6 12. Nc3 Nc7 13. f4 Qxd1 14. Rxd1 O-O 15. Be3 Rfd8 16. a3 Kf8 17. g3 Ke8 18. Ne4 Nd5 19. Bf2 h6 20. Nc5 Kf7 21. Nxb7 Rdb8 22. Nc5 Rxb2 23. Nxe6 Nc3 24. Nc7+ 1-0


[Site "https://www.chess.com"]

[Event "Titled Tuesday Blitz February 01 B 2022"]
[White "Brunner, Nicolas"]
[Black "Hakobyan, Aram"]
[WhiteFideId "620246"]
[BlackFideId "13306677"]
[WhiteElo "2372"]
[BlackElo "2557"]
[Result "1/2-1/2"]
[Round "01"]
[TimeControl "180+1"]
[Date "2022.02.01"]
[WhiteClock "0:00:08"]
[BlackClock "0:00:05"]

1. d4 d5 2. c4 dxc4 3. e4 b5 4. a4 c6 5. axb5 cxb5 6. Nc3 Qb6 7. b3 e6 8. bxc4 Bb4 9. Bb2 bxc4 10. Bxc4 Nf6 11. e5 Ne4 12. Ne2 Bb7 13. O-O Nxc3 14. Nxc3 O-O 15. Qg4 Nd7 16. Ne4 Bxe4 17. Qxe4 a5 18. Bd3 g6 19. Rfc1 Rfc8 20. g3 Bf8 21. Rcb1 a4 22. Ba3 Qd8 23. h4 Rc3 24. Bxf8 Nxf8 25. Ra2 a3 26. Rba1 Ra4 27. Bf1 Rxd4 28. Qe1 Rb3 29. Rxa3 Rxa3 30. Rxa3 Rd1 31. Qe2 Qd5 32. Kh2 Rc1 33. Bg2 Qc5 34. Ra2 h5 35. Rd2 Kg7 36. Qe4 Rc4 37. Qd3 Rb4 38. Qd6 Rb5 39. Qxc5 Rxc5 40. f4 Rc7 41. Bf3 Nd7 42. Kg2 Nb6 43. Rb2 Nc4 44. Ra2 Ne3+ 45. Kf2 Rc3 46. Re2 Nf5 47. Rd2 Ra3 48. Rb2 Nd4 49. Be4 Nb3 50. Bc2 Nc5 51. Kg2 Rc3 52. Bd1 Nd3 53. Rb3 Rxb3 54. Bxb3 Kf8 55. Kf3 Ke7 56. Ke3 Nb4 57. Bd1 Nd5+ 58. Kd4 Kd8 59. Bf3 Ne7 60. g4 hxg4 61. Bxg4 Nd5 62. Ke4 Ke7 63. h5 f5+ 64. exf6+ Nxf6+ 65. Kf3 Nxh5 66. Ke4 Nf6+ 67. Kf3 Nxg4 68. Kxg4 Kf6 69. Kg3 Kf7 70. Kg4 Kg7 71. Kh4 Kf6 72. Kg4 Ke7 73. Kh4 Kd6 74. Kg5 Kd5 75. Kxg6 Ke4 76. Kf6 Kxf4 77. Kxe6 1/2-1/2


[Site "https://www.chess.com"]

[Event "Titled Tuesday Blitz February 01 B 2022"]
[White "Fernandez, Nelson Wilfredo"]
[Black "Svane, Rasmus"]
[WhiteFideId "8401594"]
[BlackFideId "4657101"]
[WhiteElo "1899"]
[BlackElo "2645"]
[Result "1-0"]
[Round "01"]
[TimeControl "180+1"]
[Date "2022.02.01"]
[WhiteClock "0:00:22"]
[BlackClock "0:00:15"]

1. d4 Nf6 2. c4 e6 3. Nc3 Bb4 4. a3 Bxc3+ 5. bxc3 b6 6. f3 c5 7. e4 d6 8. Bd3 O-O 9. Ne2 Ba6 10. Bg5 Nc6 11. f4 Qc7 12. Bxf6 gxf6 13. e5 fxe5 14. fxe5 dxe5 15. O-O Rad8 16. Rf6 Qe7 17. Qf1 Kg7 18. Ng3 cxd4 19. Nh5+ Kh8 20. Bxh7 Kxh7 21. Qd3+ Kg8 22. Qg3+ Kh8 23. Qg7# 1-0


[Site "https://www.chess.com"]

[Event "Titled Tuesday Blitz February 01 B 2022"]
[White "Hamley, Ryan"]
[Black "Praggnanandhaa R"]
[WhiteFideId "30959497"]
[BlackFideId "25059530"]
[WhiteElo "2505"]
[BlackElo "2599"]
[Result "0-1"]
[Round "01"]
[TimeControl "180+1"]
[Date "2022.02.01"]
[WhiteClock "0:00:36"]
[BlackClock "0:00:58"]

1. d4 Nf6 2. c4 Nc6 3. Nf3 e6 4. g3 Bb4+ 5. Bd2 Qe7 6. Bg2 Bxd2+ 7. Nbxd2 O-O 8. O-O d6 9. e4 e5 10. d5 Nb8 11. h3 a5 12. b3 Na6 13. Qe2 Ne8 14. Nh2 f5 15. f4 Nc5 16. Rae1 exf4 17. Rxf4 g5 18. Rf2 Ng7 19. e5 dxe5 20. Qxe5 Qxe5 21. Rxe5 Nd3 22. Re7 Nxf2 23. Kxf2 Rf7 24. Re5 Bd7 25. Nhf3 h6 26. Nd4 Re8 27. N2f3 Rfe7 28. Re2 Rxe2+ 29. Nxe2 b6 30. Nfd4 Kf7 31. a3 Kf6 32. b4 axb4 33. axb4 Rb8 34. c5 bxc5 35. bxc5 Rb2 36. Ke3 Ne8 37. Bf3 Ke5 38. Bh5 Kxd5 39. Nc3+ Kxc5 40. Nxf5 Nf6 41. Bd1 Nd5+ 42. Nxd5 Bxf5 43. Nxc7 Bxh3 44. Bf3 Rb3+ 45. Kf2 Kd6 46. Nd5 Rxf3+ 0-1


[Site "https://www.chess.com"]

[Event "Titled Tuesday Blitz February 01 B 2022"]
[White "Jobava, Baadur"]
[Black "Pesotskiy, Mikhail"]
[WhiteFideId "13601520"]
[BlackFideId "34164453"]
[WhiteElo "2617"]
[BlackElo "2010"]
[Result "1-0"]
[Round "01"]
[TimeControl "180+1"]
[Date "2022.02.01"]
[WhiteClock "0:01:34"]
[BlackClock "0:01:35"]

1. d4 Nf6 2. Nc3 d5 3. Bf4 e6 4. Nb5 Na6 5. e3 Bd7 6. a4 Be7 7. Nf3 O-O 8. c3 Nh5 9. Be5 f6 10. Bg3 c6 11. Na3 Nc7 12. Bd3 Ne8 13. Qc2 g6 14. Qe2 Nd6 15. Nb1 Ne4 16. Nbd2 Nhxg3 17. hxg3 f5 18. Ne5 Nxd2 19. Kxd2 Bf6 20. f4 c5 21. g4 cxd4 22. exd4 fxg4 23. Qxg4 Bg7 24. Rxh7 Qf6 25. Nxd7 Qxf4+ 26. Qxf4 Rxf4 27. Rah1 Rf2+ 28. Kc1 Rxg2 29. R7h2 Rg3 30. Rh3 Rg2 31. Ne5 Rc8 32. Nxg6 Rc7 33. Nf4 1-0


[Site "https://www.chess.com"]

[Event "Titled Tuesday Blitz February 01 B 2022"]
[White "Karttunen, Mika"]
[Black "Tang, Andrew"]
[WhiteFideId "502081"]
[BlackFideId "2059630"]
[WhiteElo "2343"]
[BlackElo "2584"]
[Result "0-1"]
[Round "01"]
[TimeControl "180+1"]
[Date "2022.02.01"]
[WhiteClock "0:00:17"]
[BlackClock "0:01:24"]

1. e4 e5 2. Nf3 Nc6 3. Bb5 g6 4. c3 a6 5. Ba4 Bg7 6. d4 exd4 7. cxd4 b5 8. Bb3 Na5 9. Bc2 Ne7 10. d5 O-O 11. Bd2 Bxb2 12. Bxa5 Bxa1 13. Nc3 Bb2 14. d6 Nc6 15. Qb1 Nxa5 16. Qxb2 Nc4 17. Qc1 cxd6 18. Nd5 Bb7 19. Qh6 f6 20. O-O Bxd5 21. exd5 Qe7 22. Re1 Qg7 23. Qf4 Rae8 24. Rd1 Re7 25. h4 Rfe8 26. h5 Ne5 27. Nd4 Nf7 28. Qd2 Qh6 29. Qxh6 Nxh6 30. hxg6 Re1+ 31. Rxe1 Rxe1+ 32. Kh2 hxg6 33. Bxg6 Rd1 34. Nb3 Rxd5 35. Be8 Rd3 36. Bxd7 f5 37. f3 Kf7 38. Kg3 Rc3 39. Kf4 Kf6 40. g4 Rc4+ 41. Kg3 fxg4 42. fxg4 Nf7 43. Bf5 d5 44. Na5 Ra4 45. Nc6 Ne5 0-1


[Site "https://www.chess.com"]

[Event "Titled Tuesday Blitz February 01 B 2022"]
[White "Kollars, Dmitrij"]
[Black "Barp, Alberto"]
[WhiteFideId "12909572"]
[BlackFideId "872555"]
[WhiteElo "2584"]
[BlackElo "2229"]
[Result "0-1"]
[Round "01"]
[TimeControl "180+1"]
[Date "2022.02.01"]
[WhiteClock "0:00:02"]
[BlackClock "0:00:52"]

1. Nf3 d5 2. d4 Nf6 3. c3 e6 4. Bf4 c5 5. e3 Nc6 6. Nbd2 cxd4 7. exd4 Nh5 8. Bg5 f6 9. Be3 Bd6 10. g3 O-O 11. Bg2 f5 12. Nb3 f4 13. Bd2 Qe8 14. Qe2 a5 15. a4 b6 16. Bh3 Nf6 17. Ng5 h6 18. Bxe6+ Bxe6 19. Nxe6 f3 20. Qxf3 Qxe6+ 21. Qe2 Qh3 22. O-O-O Qf5 23. f3 Rfe8 24. Qb5 Rec8 25. g4 Qg6 26. h4 Nb4 27. Na1 Na2# 0-1


[Site "https://www.chess.com"]

[Event "Titled Tuesday Blitz February 01 B 2022"]
[White "Kovanova, Baira"]
[Black "Niemann, Hans Moke"]
[WhiteFideId "4164083"]
[BlackFideId "2093596"]
[WhiteElo "2190"]
[BlackElo "2636"]
[Result "0-1"]
[Round "01"]
[TimeControl "180+1"]
[Date "2022.02.01"]
[WhiteClock "0:00:22"]
[BlackClock "0:01:03"]

1. e4 c5 2. Nf3 d6 3. d4 cxd4 4. Nxd4 Nf6 5. Nc3 Nc6 6. Bg5 e6 7. Qd2 a6 8. O-O-O Bd7 9. f4 Be7 10. Nb3 b5 11. Bxf6 gxf6 12. Bd3 Qb6 13. f5 Ne5 14. Rhf1 a5 15. Kb1 a4 16. Nc1 b4 17. N3e2 a3 18. b3 h5 19. h3 Rc8 20. Nf4 Qd4 21. c4 bxc3 22. Qc2 Qb6 23. fxe6 fxe6 24. Nce2 Qb4 25. Nc1 h4 26. Be2 Rg8 27. Ncd3 Qxe4 28. Bh5+ Kd8 29. Nxe5 Qxc2+ 30. Kxc2 fxe5 31. Ng6 Be8 32. Nxe7 Rxg2+ 33. Kc1 Kxe7 34. Bxe8 Rxe8 35. Rd3 Rc8 36. Rdf3 d5 37. Rf7+ Kd6 38. Ra7 Rxa2 39. Rff7 e4 0-1


[Site "https://www.chess.com"]

[Event "Titled Tuesday Blitz February 01 B 2022"]
[White "Lenderman, Aleksandr"]
[Black "Hirneise, Jens"]
[WhiteFideId "2021285"]
[BlackFideId "24614734"]
[WhiteElo "2651"]
[BlackElo "2323"]
[Result "1-0"]
[Round "01"]
[TimeControl "180+1"]
[Date "2022.02.01"]
[WhiteClock "0:00:43"]
[BlackClock "0:00:02"]

1. d4 Nf6 2. c4 c5 3. e3 e6 4. Nf3 d5 5. cxd5 exd5 6. Bb5+ Nc6 7. O-O cxd4 8. exd4 Be7 9. Bxc6+ bxc6 10. Qc2 Qc7 11. Bf4 Bd6 12. Re1+ Be6 13. Bxd6 Qxd6 14. Nbd2 O-O 15. Ne5 Rfc8 16. Nb3 a5 17. Nc5 Ra7 18. Rac1 Rac7 19. f3 Nd7 20. Ncxd7 Bxd7 21. Qc5 Qxc5 22. Rxc5 a4 23. Ra5 Be8 24. Nd3 Rb7 25. Re2 Kf8 26. Nc5 Rb4 27. Rxa4 Rcb8 28. b3 Rxa4 29. Nxa4 Rb4 30. Rd2 Bd7 31. Nc5 Ke7 32. a3 Rb8 33. Kf2 Kd6 34. Ra2 g5 35. a4 h5 36. a5 Bc8 37. Ke3 h4 38. Kd2 g4 39. fxg4 Bxg4 40. Kc3 Be6 41. a6 Kc7 42. Rf2 Kb6 43. Rf4 Rg8 44. Rxh4 Rxg2 45. Rh8 Bf5 46. Rb8+ Ka7 47. Rb7+ Ka8 48. Na4 Rc2+ 49. Kb4 c5+ 50. dxc5 Bc8 51. Nb6# 1-0


[Site "https://www.chess.com"]

[Event "Titled Tuesday Blitz February 01 B 2022"]
[White "Loay, Sameer"]
[Black "Jones, Gawain C B"]
[WhiteFideId "8104239"]
[BlackFideId "409561"]
[WhiteElo "2040"]
[BlackElo "2657"]
[Result "0-1"]
[Round "01"]
[TimeControl "180+1"]
[Date "2022.02.01"]
[WhiteClock "0:00:18"]
[BlackClock "0:00:07"]

1. Nf3 Nf6 2. g3 g6 3. Bg2 Bg7 4. O-O O-O 5. d3 c5 6. e4 Nc6 7. Nbd2 d6 8. Re1 e5 9. c3 h6 10. a3 Be6 11. b4 b5 12. bxc5 dxc5 13. Nb3 Qd6 14. Be3 Nd7 15. a4 a6 16. Qc2 Rfb8 17. axb5 axb5 18. Nbd2 b4 19. Rxa8 Rxa8 20. Nc4 Bxc4 21. dxc4 Ra3 22. Rd1 Qc7 23. cxb4 cxb4 24. Qd2 Nf6 25. Bxh6 Nxe4 26. Qc1 Rc3 27. Qb1 Nxf2 28. Kxf2 Bxh6 29. Bf1 b3 30. Qe4 b2 31. Rb1 Qb6+ 32. Kg2 Rc1 33. Bd3 Bg7 34. Qd5 Rxb1 35. Bxb1 Qc7 36. Bxg6 Nb4 37. Qa8+ Bf8 38. Bb1 Qxc4 39. Ng5 Qe2+ 40. Kg1 Qe1+ 41. Kg2 Qxb1 42. Qf3 Qc2+ 43. Kh3 Qg6 44. Qb3 b1=Q 45. Qxf7+ Qxf7 46. Nxf7 Qh7+ 47. Kg4 Qg6+ 48. Ng5 Be7 49. h4 Bxg5 50. hxg5 Nd5 51. Kf3 Qf5+ 52. Ke2 Qxg5 53. Kf3 e4+ 54. Kxe4 Nf6+ 55. Kf3 Qg4+ 56. Kf2 Nh5 0-1


[Site "https://www.chess.com"]

[Event "Titled Tuesday Blitz February 01 B 2022"]
[White "Maidel, Anton"]
[Black "Grigoriants, Sergey"]
[WhiteFideId "4125290"]
[BlackFideId "4130804"]
[WhiteElo "2336"]
[BlackElo "2502"]
[Result "0-1"]
[Round "01"]
[TimeControl "180+1"]
[Date "2022.02.01"]
[WhiteClock "0:01:15"]
[BlackClock "0:00:52"]

1. e4 c6 2. d3 d5 3. Nd2 e5 4. Ngf3 Bd6 5. g3 Nf6 6. Bg2 O-O 7. O-O Re8 8. Re1 d4 9. Nc4 Bc7 10. a4 c5 11. Bg5 Nc6 12. Nh4 h6 13. Bd2 Bg4 14. Bf3 Be6 15. b3 a6 16. Nf5 Qd7 17. Nxh6+ gxh6 18. Bxh6 Nh7 19. Bh5 b5 20. Nd2 Ba5 21. f4 Bxd2 22. Qxd2 Bg4 23. Bxg4 Qxg4 24. Rf1 Qh5 25. axb5 axb5 26. Rxa8 Rxa8 27. fxe5 Nxe5 28. Qf4 Ra6 0-1


[Site "https://www.chess.com"]

[Event "Titled Tuesday Blitz February 01 B 2022"]
[White "Marcin"]
[Black "Van Foreest, Jorden"]
[BlackFideId "1039784"]
[WhiteElo "2500"]
[BlackElo "2609"]
[Result "0-1"]
[Round "01"]
[TimeControl "180+1"]
[Date "2022.02.01"]
[WhiteClock "0:00:01"]
[BlackClock "0:00:04"]

1. d4 e6 2. c4 b6 3. e4 Bb7 4. Nc3 Bb4 5. Bd3 e5 6. d5 Bxc3+ 7. bxc3 d6 8. Ne2 Nd7 9. O-O Ne7 10. f4 exf4 11. Nxf4 Ng6 12. Nh5 O-O 13. Be3 Nde5 14. Be2 Ba6 15. Qd4 Qh4 16. Rf5 Qe7 17. Raf1 Rae8 18. Kh1 f6 19. g4 Bc8 20. g5 Bxf5 21. gxf6 Bxe4+ 22. Qxe4 gxf6 23. Bh6 Nd7 24. Qxe7 Rxe7 25. Bg4 Nc5 26. Nxf6+ Kh8 27. Bxf8 Nxf8 28. Bh5 Nfd7 29. Ng4 Kg7 30. Rf3 Ne4 31. Ne3 Re5 32. Nf5+ Kh8 33. Bf7 Ng5 34. Rg3 Nxf7 35. Nd4 Nf6 36. Ne6 Re1+ 37. Kg2 Re2+ 38. Kh1 Rxa2 39. Rf3 Ra1+ 40. Kg2 Ra2+ 41. Kh1 Ne5 42. Rxf6 h5 43. Rf8+ Kh7 44. Rc8 Nf3 45. Rxc7+ Kh6 0-1


[Site "https://www.chess.com"]

[Event "Titled Tuesday Blitz February 01 B 2022"]
[White "Martinez Alcantara, Jose Eduardo"]
[Black "Bilan, Danila"]
[WhiteFideId "3805662"]
[BlackFideId "24161918"]
[WhiteElo "2690"]
[BlackElo "2164"]
[Result "1-0"]
[Round "01"]
[TimeControl "180+1"]
[Date "2022.02.01"]
[WhiteClock "0:02:33"]
[BlackClock "0:00:25"]

1. e4 c6 2. d4 d5 3. e5 Bf5 4. h4 h5 5. Bd3 Bxd3 6. Qxd3 Qa5+ 7. b4 Qa6 8. e6 Qxd3 9. cxd3 Na6 10. exf7+ Kxf7 11. a3 e6 12. Nd2 Bd6 13. Ndf3 Re8 14. Nh3 Nf6 15. O-O Ng4 16. Re1 Nb8 17. Bf4 Bxf4 18. Nxf4 Rh6 19. Ng5+ Kg8 20. f3 Nf6 21. Nfxe6 Nh7 22. Nf4 Rf8 23. Nfe6 Re8 24. Nc5 Rxe1+ 25. Rxe1 b6 26. Re8+ Nf8 27. Rxb8 bxc5 28. dxc5 Rf6 29. Ra8 Rf4 30. Ne6 1-0


[Site "https://www.chess.com"]

[Event "Titled Tuesday Blitz February 01 B 2022"]
[White "Mogranzini, Roberto"]
[Black "Andreikin, Dmitry"]
[WhiteFideId "810894"]
[BlackFideId "4158814"]
[WhiteElo "2469"]
[BlackElo "2736"]
[Result "0-1"]
[Round "01"]
[TimeControl "180+1"]
[Date "2022.02.01"]
[WhiteClock "0:00:20"]
[BlackClock "0:01:19"]

1. e4 c6 2. Nf3 d5 3. d3 Qc7 4. Nbd2 e5 5. g3 Nf6 6. Bg2 dxe4 7. dxe4 Be6 8. O-O Nbd7 9. Ng5 Bg4 10. f3 Bc5+ 11. Kh1 Bh5 12. Nb3 Bb6 13. Qe2 O-O 14. Be3 a5 15. a4 Rfd8 16. Nh3 Ne8 17. Nf2 f6 18. Nd2 Bxe3 19. Qxe3 Qb6 20. Qxb6 Nxb6 21. Rfd1 Nc7 22. Nd3 Na6 23. Kg1 Bf7 24. b3 Rd4 25. Kf2 Rad8 26. Ke2 c5 27. Nf2 c4 28. Rab1 c3 29. Nf1 Nb4 30. Rxd4 Rxd4 31. Rc1 Nd7 32. Nd1 Na2 33. Ra1 Bxb3 34. cxb3 c2 0-1


[Site "https://www.chess.com"]

[Event "Titled Tuesday Blitz February 01 B 2022"]
[White "Moiseenko, Alexander"]
[Black "Debray, Christopher"]
[WhiteFideId "14102560"]
[BlackFideId "630810"]
[WhiteElo "2577"]
[BlackElo "2369"]
[Result "1-0"]
[Round "01"]
[TimeControl "180+1"]
[Date "2022.02.01"]
[WhiteClock "0:00:41"]
[BlackClock "0:00:02"]

1. d4 d5 2. c4 e6 3. Nc3 Nf6 4. cxd5 exd5 5. Bg5 c6 6. e3 Be7 7. Bd3 O-O 8. Nge2 Bg4 9. Qc2 Nbd7 10. O-O-O b5 11. f3 Bh5 12. Nf4 Bg6 13. Nxg6 hxg6 14. Kb1 Nb6 15. h4 Nc4 16. g4 Nh7 17. Rde1 Re8 18. Bxe7 Qxe7 19. h5 Nxe3 20. hxg6 Nxc2 21. gxh7+ Kh8 22. Rxe7 Rxe7 23. Kxc2 Re3 24. Rf1 g6 25. Kd2 Re7 26. Rh1 Kg7 27. f4 Rh8 28. f5 gxf5 29. Bxf5 Rhe8 30. a3 Kh8 31. Rh6 1-0


[Site "https://www.chess.com"]

[Event "Titled Tuesday Blitz February 01 B 2022"]
[White "Nakamura, Hikaru"]
[Black "Solon, Nathan"]
[WhiteFideId "2016192"]
[BlackFideId "2017229"]
[WhiteElo "2850"]
[BlackElo "2537"]
[Result "1-0"]
[Round "01"]
[TimeControl "180+1"]
[Date "2022.02.01"]
[WhiteClock "0:01:30"]
[BlackClock "0:00:21"]

1. Nf3 d5 2. e3 Nf6 3. b3 g6 4. Bb2 Bg7 5. d4 O-O 6. c4 c6 7. Bd3 a5 8. Nc3 Na6 9. h3 dxc4 10. Bxc4 Bf5 11. O-O Nb4 12. Nh4 Bc8 13. e4 b5 14. Be2 e5 15. dxe5 Nd7 16. Nf3 Nxe5 17. Nxe5 Bxe5 18. a3 Na6 19. Qc2 Qf6 20. f4 Bd4+ 21. Kh2 Be6 22. Rad1 Rfd8 23. Nd5 cxd5 24. Bxd4 Qe7 25. f5 Bd7 26. fxg6 hxg6 27. Bf6 Qxa3 28. Qd2 dxe4 29. Qh6 1-0


[Site "https://www.chess.com"]

[Event "Titled Tuesday Blitz February 01 B 2022"]
[White "Nepomniachtchi, Ian"]
[Black "Dauner, Benedikt"]
[WhiteFideId "4168119"]
[BlackFideId "16225899"]
[WhiteElo "2740"]
[BlackElo "2230"]
[Result "1-0"]
[Round "01"]
[TimeControl "180+1"]
[Date "2022.02.01"]
[WhiteClock "0:01:39"]
[BlackClock "0:00:05"]

1. e4 c6 2. d4 d5 3. e5 Bf5 4. Nf3 e6 5. Be2 Ne7 6. O-O Ng6 7. Nbd2 Nd7 8. Nb3 f6 9. exf6 Qxf6 10. c4 Bd6 11. Na5 Rb8 12. Qa4 Bf4 13. Qb4 Bxc1 14. Raxc1 Nf4 15. Rfe1 Bh3 16. Bf1 Bg4 17. Ne5 Nxe5 18. dxe5 Qe7 19. Nxc6 Qxb4 20. Nxb4 a5 21. Nd3 Nxd3 22. Bxd3 O-O 23. cxd5 exd5 24. h3 Be6 25. Rc7 Rf7 26. Rec1 b5 27. Rxf7 Kxf7 28. Rc5 Bd7 29. Rxd5 Ke6 30. Rd6+ Ke7 31. f4 a4 32. Bxh7 b4 33. Kf2 a3 34. Rd2 Be6 35. b3 Rc8 36. Bc2 Rc3 37. f5 Bd5 38. h4 Bc6 39. h5 Rc5 40. h6 gxh6 41. f6+ Kf7 42. Re2 Bd5 43. Bf5 Be6 44. Bxe6+ Kxe6 45. Kf3 Rc3+ 46. Kg4 Rd3 47. Kh5 Rg3 48. Kxh6 Rxg2 49. Rxg2 1-0


[Site "https://www.chess.com"]

[Event "Titled Tuesday Blitz February 01 B 2022"]
[White "Nesterov, Arseniy"]
[Black "Glek, Igor"]
[WhiteFideId "24198455"]
[BlackFideId "4100484"]
[WhiteElo "2489"]
[BlackElo "2215"]
[Result "1-0"]
[Round "01"]
[TimeControl "180+1"]
[Date "2022.02.01"]
[WhiteClock "0:00:11"]
[BlackClock "0:00:01"]

1. d4 e6 2. c4 f5 3. Nf3 Nf6 4. g3 Be7 5. Bg2 O-O 6. O-O d6 7. Nc3 Ne4 8. Nxe4 fxe4 9. Nd2 d5 10. f3 Nc6 11. e3 exf3 12. Nxf3 Qd6 13. b3 b6 14. Bb2 a5 15. Rc1 Ba6 16. Re1 Rad8 17. Qe2 Qd7 18. Qc2 Bb7 19. a3 Bf6 20. Rf1 Kh8 21. Rcd1 Qe7 22. e4 dxe4 23. Qxe4 Ba8 24. Qe3 Qd7 25. Rfe1 Rfe8 26. g4 h6 27. h4 Qf7 28. g5 hxg5 29. hxg5 Be7 30. Qxe6 Qxe6 31. Rxe6 Bd6 32. Rxe8+ Rxe8 33. d5 Ne7 34. Ne5 1-0


[Site "https://www.chess.com"]

[Event "Titled Tuesday Blitz February 01 B 2022"]
[White "Noboa Silva, Kevin"]
[Black "Deac, Bogdan-Daniel"]
[WhiteFideId "3618471"]
[BlackFideId "1226380"]
[WhiteElo "2161"]
[BlackElo "2646"]
[Result "0-1"]
[Round "01"]
[TimeControl "180+1"]
[Date "2022.02.01"]
[WhiteClock "0:00:01"]
[BlackClock "0:00:16"]

1. d4 Nf6 2. c4 g6 3. Nc3 d5 4. cxd5 Nxd5 5. Bd2 c5 6. dxc5 Bg7 7. Qc1 Nc6 8. Nf3 O-O 9. e3 Ndb4 10. a3 Nd3+ 11. Bxd3 Qxd3 12. Qb1 Qc4 13. Qa2 Qxc5 14. O-O Be6 15. b4 Qh5 16. Qb2 Bg4 17. Nd4 Nxd4 18. exd4 Bxd4 19. Be3 Be5 20. f4 Bf6 21. Rac1 Rfd8 22. Qf2 Bf5 23. Ne2 Rd3 24. Ng3 Qg4 25. h3 Qh4 26. Nxf5 gxf5 27. Qe2 Rxa3 28. Rf3 Qh6 29. Rc7 a5 30. bxa5 R3xa5 31. Rxb7 Ra4 32. Kh2 Kh8 33. Qc2 Re4 34. Qb3 Rg8 35. Qxf7 Rxe3 36. Rxe3 Qxf4+ 37. Kh1 Qf1+ 38. Kh2 Qxg2# 0-1


[Site "https://www.chess.com"]